 Dungeon Crawl Stone Soup version 0.25-a0-62-g88673ef095 (webtiles) character file.

Game seed: 5836906701958806223, levelgen mode: deterministic

144886 iamserjio the Fighter (level 17, -10/126 HPs)
             Began as an Octopode Chaos Knight on Oct 29, 2019.
             Was a Plaything of Xom.
             Killed from afar by a deep elf mage (34 damage)
             ... with a bolt of negative energy
             ... on level 2 of the Elven Halls.
             The game lasted 01:14:41 (42883 turns).

iamserjio the Fighter (Octopode Chaos Knight)      Turns: 42883, Time: 01:14:42

Health: -10/126    AC: 10    Str: 18    XL:     17   Next: 41%
Magic:  29/29      EV: 18    Int: 16    God:    Xom [..*...]
Gold:   1419       SH:  0    Dex: 14    Spells: 6/32 levels left

rFire    + + +     SeeInvis +   M - +4 scimitar (flame)
rCold    + + .     Gourm    .   O - +5 shield {AC+3}
rNeg     . . .     Faith    .   N - +1 hat {MR+}
rPois    +         Spirit   .   K - +2 amulet of reflection
rElec    .         Reflect  +   r - ring of wizardry
rCorr    +         Harm     .   z - ring of resist corrosion
MR       ++++.                  P - ring of poison resistance
Stlth    ++........             R - ring of see invisible
HPRegen  0.71/turn              C - ring of protection from cold
MPRegen  0.21/turn              U - ring of protection from fire
                                m - ring of protection from fire
                                X - ring of protection from magic

@: confused, drained
A: almost no armour, stealthy swim, amphibious, 8 rings, constrict 8, slimy
green scales 2, yellow scales 1, camouflage 1, blurry vision 1, cold resistance
1, fire resistance 1, magic resistance 1, sense surroundings 1, regeneration 1,
strong 2, wild magic 1, gelatinous body 1, MP-powered wands
a: Renounce Religion


You were on level 2 of the Elven Halls.
You worshipped Xom.
You were a toy of Xom.
You were hungry.

You visited 4 branches of the dungeon, and saw 25 of its levels.
You also visited: Ice Cave.

You collected 2576 gold pieces.
You spent 1157 gold pieces at shops.

Inventory:

Hand Weapons
 M - a +4 scimitar of flaming (weapon)
Missiles
 l - 12 curare-tipped darts (quivered)
Armour
 N - a +1 hat of magic resistance (worn)
 O - a +5 shield of protection (worn)
Magical Staves
 I - an uncursed staff of wizardry
 Q - an uncursed staff of air
Jewellery
 m - a ring of protection from fire (on tentacle)
 r - a ring of wizardry (left tentacle)
 y - an uncursed ring of protection from fire
 z - a ring of resist corrosion (right tentacle)
 C - a ring of protection from cold (on tentacle)
 K - a +2 amulet of reflection (around mantle)
 P - a ring of poison resistance (on tentacle)
 R - a ring of see invisible (on tentacle)
 U - a ring of protection from fire (on tentacle)
 X - a ring of protection from magic (on tentacle)
Wands
 e - a wand of polymorph (1)
 j - a wand of digging (17)
 k - a wand of enslavement (14)
 n - a wand of flame (33)
 w - a wand of scattershot (4)
 B - a wand of iceblast (17)
 S - a wand of acid (3)
 V - a wand of clouds (3)
 W - a wand of disintegration (15)
Scrolls
 d - 3 scrolls of enchant weapon
 f - 15 scrolls of teleportation {@r3}
 h - 4 scrolls of magic mapping
 i - 2 scrolls of fog
 s - a scroll of fear
 t - 2 scrolls of blinking
 D - 5 scrolls of identify {@r1}
 E - 11 scrolls of remove curse {@r2}
 Z - a scroll of summoning
Potions
 c - 7 potions of brilliance
 g - a potion of mutation
 o - a potion of magic
 u - 7 potions of lignification
 v - a potion of agility
 A - 4 potions of haste
 F - 13 potions of might
 G - 3 potions of curing {@q1}
 H - a potion of resistance
 J - a potion of invisibility
 T - a potion of heal wounds
 Y - a potion of ambrosia
Miscellaneous
 a - a fan of gales
 p - 2 phantom mirrors
 q - a sack of spiders
 x - a box of beasts
 L - a lamp of fire (inert)
Comestibles
 b - 33 rations


   Skills:
 * Level 14.5(13.2) Fighting
   Level 3.0(8.5) Short Blades
 - Level 13.8(12.7) Long Blades
   Level 4.2(3.2) Polearms
 - Level 11.4(10.2) Dodging
 + Level 10.7(9.5) Shields
 - Level 8.0(6.9) Spellcasting
 - Level 2.2(1.3) Hexes
 - Level 3.0(2.0) Charms
 - Level 12.0(10.8) Summonings
 * Level 4.5(3.6) Necromancy
 - Level 4.0(3.0) Translocations
 - Level 2.1(1.2) Ice Magic
 - Level 6.2(5.2) Evocations


You had 6 spell levels left.
You knew the following spells:

 Your Spells              Type           Power        Failure   Level  Hunger
a - Confusing Touch       Hex            ##....       9%          1    None
b - Animate Dead          Necr           N/A          28%         4    ####...
c - Summon Forest         Summ/Tloc      #####.....   21%         5    #####..
d - Passwall              Tmut/Erth      #.......     21%         2    None
e - Mephitic Cloud        Conj/Pois/Air  #.......     34%         3    ##.....
f - Summon Ice Beast      Ice/Summ       ####....     12%         4    ####...
g - Blink                 Tloc           N/A          6%          2    None
h - Animate Skeleton      Necr           N/A          4%          1    None
i - Regeneration          Chrm/Necr      ###.......   13%         3    ##.....
j - Summon Butterflies    Summ           ######..     1%          1    None

Your spell library contained the following spells:

 Spells                   Type           Power        Failure   Level  Hunger
 Summon Small Mammal      Summ           ####         1%          1    None
 Call Imp                 Summ           ######..     1%          2    None
 Call Canine Familiar     Summ           ######..     1%          3    ##.....
 Pain                     Necr           ###.         4%          1    None
 Corpse Rot               Necr           N/A          5%          2    None
 Corona                   Hex            ##.....      9%          1    None
 Freeze                   Ice            ##..         9%          1    None
 Vampiric Draining        Necr           ###.......   10%         3    ##.....
 Slow                     Hex            ##......     12%         2    None
 Gell's Gravitas          Tloc           ###.......   12%         3    ##.....
 Magic Dart               Conj           #...         14%         1    None
 Sandblast                Erth           #.....       14%         1    None
 Sting                    Conj/Pois      #...         14%         1    None
 Throw Frost              Conj/Ice       #.....       16%         2    None
 Portal Projectile        Hex/Tloc       ###...       16%         3    ##.....
 Poisonous Vapours        Pois/Air       #.....       21%         2    None
 Searing Ray              Conj           #.....       21%         2    None
 Confuse                  Hex            ##......     21%         3    ##.....
 Ozocubu's Armour         Chrm/Ice       ##......     21%         3    ##.....
 Dazzling Spray           Conj/Hex       #.....       28%         3    ##.....
 Inner Flame              Hex/Fire       #.......     28%         3    ##.....
 Conjure Flame            Conj/Fire      #.......     34%         3    ##.....
 Stone Arrow              Conj/Erth      #.....       34%         3    ##.....
 Cause Fear               Hex            ##........   52%         4    ####...
 Force Lance              Conj/Tloc      ##......     52%         4    ####...
 Fulminant Prism          Conj/Hex       #.........   63%         4    ####...
 Leda's Liquefaction      Hex/Erth       #.........   63%         4    ####...
 Throw Icicle             Conj/Ice       #.......     63%         4    ####...
 Iskenderun's Mystic Bla  Conj           #.......     71%         4    ####...
 Olgreb's Toxic Radiance  Pois           #.......     71%         4    ####...
 Petrify                  Tmut/Erth      #.......     71%         4    ####...
 Metabolic Englaciation   Hex/Ice        ##........   86%         5    #####..
 Yara's Violent Unravell  Hex/Tmut       #.........   91%         5    #####..
 Lee's Rapid Deconstruct  Erth           #.........   95%         5    #####..
 Venom Bolt               Conj/Pois      #.........   95%         5    #####..
 Dispersal                Tloc           ###.......   99%         6    #######
 Hydra Form               Tmut           #.........   100%        6    #######
 Summon Hydra             Summ           ######....   71%         7    #######
 Controlled Blink         Tloc           N/A          100%        8    #######
 Disjunction              Tloc           ###.......   100%        8    #######


Dungeon Overview and Level Annotations

Branches:
Dungeon (15/15)            Temple (0/1) D:7            Lair (6/6) D:9
 Shoals (0/4) Lair:3       Spider (0/4) Lair:4        Slime (0/5) Lair:5
    Orc (2/2) D:9             Elf (2/3) Orc:2        Vaults (0/5) D:13
 Depths (0/5) D:15          IceCv (visited)

Altars:
Dithmenos
Fedhas
Wu Jian
Xom
The Shining One
Jiyva

Shops:
D:5 (   D:11 [   Orc:2 :[?*(

Annotations:
D:3 1 runed translucent door
D:5 exclusion: oklob plant
Lair:5 1 runed translucent door
Lair:6 1 runed translucent door


Innate Abilities, Weirdness & Mutations

You cannot wear most types of armour.
You are very stealthy in the water. (Stealth+)
You are amphibious.
You can wear up to eight rings at the same time.
You can use your tentacles to constrict eight enemies at once.
Your skin changes colour to match your surroundings (Stealth+).
Your rubbery body absorbs attacks. (AC +1, EV +1)
You are mostly covered in slimy green scales. (AC +3)
You are partially covered in yellow scales. (AC +2)
Scrolls take you a little longer to read.
Your flesh is cold resistant. (rC+)
Your flesh is heat resistant. (rF+)
You are resistant to hostile enchantments. (MR+)
You passively map a small area around you.
Your natural rate of healing is unusually fast.
Your muscles are very strong. (Str +4)
Your spells are a little harder to cast, but a little more powerful.
You expend magic power (3 MP) to strengthen your wands.


Message History

A deep elf mage comes into view. It is wielding a +0 long sword.
The deep elf archer shoots an arrow.
The arrow misses the deep elf knight.
The arrow hits you!
* * * LOW HITPOINT WARNING * * *
You feel better.
Xom adds some personal touches to your environment.
You are now a toy of Xom.
The tarantella bites you.
* * * LOW HITPOINT WARNING * * *
You are confused.
The deep elf knight hits you with a +0 short sword!
* * * LOW HITPOINT WARNING * * *
The hell rat bites you but does no damage.
The tarantella closely misses you.
The deep elf mage points at you and mumbles some strange words.
The bolt of negative energy hits the hell rat.
The hell rat completely resists.
The bolt of negative energy hits you!!
You feel drained.
You die...
Xom guffaws!

, ,
$............[..... ,
,....(.e...?...._....
......e..§.§........
,
......ee............
,
.).._..e..§.........
⌠ ,
..._._....._........
......_.............
,
.......es.._........
.._....@re..........
._.....)..........<.
......)....._.......
, * *
......._............
*
####################*
, * ** + * * , *,, ,,
, ,


You could see 2 deep elf archers, 2 deep elf knights, 3 deep elf magi, a
tarantella and a hell rat.

Vanquished Creatures
  Gastronok (D:8)
  Kirke (D:12)
  2 frost giants
  A fire giant (Orc:2)
  An orc warlord (Orc:2)
  2 ghost moths (Lair:4)
  A deep elf elementalist (Elf:1)
  A deep elf demonologist (Orc:2)
  The ghost of Uruugh the Grappler, a journeyman TrMo of Makhleb (Lair:2)
  Fannar (D:10)
  A catoblepas (D:13)
  7 hydras
  A vault guard (D:13)
  6 centaur warriors
  8 two-headed ogres
  The ghost of Flugkiller the Thaumaturge, a journeyman OpVM of Gozag (Lair:2)
  Erica (D:9)
  3 dancing weapons
  4 death yaks
  A tengu warrior (D:13)
  The ghost of Irchumiyd the Thaumaturge, a journeyman DEAE of Sif Muna (Lair:2)
  An ogre mage (D:15)
  3 orc high priests
  Urug (Lair:5)
  The ghost of Zeeb the Eclecticist, a journeyman DECj of Vehumet (Lair:2)
  3 deep elf knights (Elf:1)
  Nergalle (D:11)
  2 unseen horrors (D:14)
  3 deep elf archers (Elf:1)
  4 lindwurms
  3 orc knights
  A wolf spider zombie (D:15)
  10 ugly things
  2 wolf spiders
  31 deep elf magi
  3 orc sorcerers
  A cyclops (D:15)
  A manticore (Lair:3)
  Psyche (D:8)
  21 elephants
  4 black mambas
  2 ice statues (IceCv)
  5 torpor snails (Lair:6)
  8 spiny frogs
  2 gargoyles
  5 centaur skeletons
  9 komodo dragons
  4 rime drakes
  A yaktaur (D:15)
  A tengu conjurer (D:14)
  2 demonic crawlers (D:14)
  8 trolls
  3 jumping spiders (Lair:4)
  7 tyrant leeches
  A meliai (shapeshifter) (D:13)
  8 hornets
  27 polar bears
  A harpy skeleton (D:15)
  22 blink frogs
  4 raiju (Lair:6)
  11 dream sheep
  11 slime creatures
  16 hippogriffs
  6 wyverns
  3 redbacks (Lair:4)
  2 air elementals (Elf:1)
  4 fire bats
  A wyvern (shapeshifter) (D:2)
  4 wraiths
  35 yaks
  A hog (shapeshifter) (Elf:1)
  2 hogs (D:12)
  A water elemental (Elf:1)
  A fire elemental (Lair:3)
  7 humans (D:13)
  2 basilisks
  11 vampire mosquitoes
  3 hungry ghosts
  Edmund (D:5)
  A naga (shapeshifter) (Elf:1)
  7 wargs
  An acid dragon (D:12)
  13 water moccasins
  3 soldier ants
  A floating eye (D:12)
  13 hell hounds (Lair:6)
  11 porcupines
  5 phantoms
  27 orc warriors
  An eye of draining (Orc:2)
  5 sky beasts
  An eye of draining (shapeshifter) (D:1)
  2 ice beasts
  A black bear (shapeshifter) (Orc:2)
  15 black bears
  36 wolves
  12 centaurs
  15 ogres
  14 crocodiles
  5 big kobolds
  19 bullfrogs
  A gnoll sergeant (Orc:2)
  An earth elemental (Elf:1)
  2 wyvern skeletons (D:13)
  5 scorpions
  A troll zombie (D:9)
  2 vampire bats (D:14)
  2 killer bees
  11 wights
  A howler monkey (D:5)
  3 electric eels (D:10)
  8 crimson imps
  A quasit (D:5)
  3 centaur zombies
  3 bullfrog skeletons
  6 hounds
  A jelly (D:15)
  A bullfrog zombie (D:6)
  32 orc wizards
  12 orc priests
  Crazy Yiuf (D:7)
  Terence (D:3)
  5 iguanas
  6 hell rats
  18 worker ants
  A killer bee zombie (D:5)
  7 ogre zombies (D:9)
  A hound zombie (D:5)
  2 human simulacra (D:13)
  2 hound skeletons (D:10)
  A worker ant zombie (D:8)
  8 gnolls
  11 adders
  9 river rats
  4 shadow imps
  An adder zombie (D:8)
  2 adder skeletons
  13 worms
  2 leopard geckos
  81 orcs
  14 giant cockroaches
  5 hobgoblins
  14 jackals
  8 quokkas
  A ball python (D:5)
  12 bats
  3 frilled lizards
  6 goblins
  2 goblin skeletons (D:9)
  A goblin zombie (D:9)
  6 hobgoblin zombies (D:9)
  32 kobolds
  A leopard gecko skeleton (D:6)
  3 orc skeletons (D:9)
  13 orc zombies (D:9)
  22 rats
  2 fire vortices (Lair:2)
  2 plants
1012 creatures vanquished.

Vanquished Creatures (collateral kills)
  A centaur warrior (D:13)
  A deep elf knight (Elf:1)
  A deep elf mage (Elf:1)
  An elephant (Lair:5)
  A gargoyle (D:13)
  Joseph (D:8)
  A centaur skeleton (D:12)
  4 humans (D:13)
  2 wargs (Lair:6)
  A water moccasin (Lair:3)
  2 wolves (Lair:5)
  A scorpion (D:13)
  2 wights (D:13)
  2 kobolds (D:10)
21 creatures vanquished.

Vanquished Creatures (others)
  An ugly thing (D:15)
  A deep elf mage (Elf:1)
  2 yaks
  3 vampire mosquitoes (D:12)
  3 centaurs
  A bullfrog (D:7)
  An adder (D:9)
  3 orcs
  A kobold (D:14)
  A bush (Lair:4)
  2 fire vortices (Lair:2)
  37 fungi
  28 plants
  2 withered plants (Lair:2)
86 creatures vanquished.

Grand Total: 1119 creatures vanquished

Notes
Turn   | Place    | Note
-------+----------+-------------------------------------------
     0 | D:1      | iamserjio the Octopode Chaos Knight began the quest for the
                  | Orb.
     0 | D:1      | Reached XP level 1. HP: 16/16 MP: 1/1
    66 | D:1      | XOM: harmless Erth miscast
   110 | D:1      | Reached XP level 2. HP: 8/21 MP: 2/2
   231 | D:1      | XOM: harmless Chrm miscast
   518 | D:1      | Noticed a shapeshifter
   518 | D:1      | a bat changed into a shapeshifter
   518 | D:1      | Noticed an eye of draining
   518 | D:1      | a shapeshifter changed into an eye of draining
   526 | D:1      | Killed an eye of draining
   526 | D:1      | Reached skill level 4 in Fighting
   526 | D:1      | Reached XP level 3. HP: 27/27 MP: 0/3
   526 | D:1      | Reached XP level 4. HP: 33/33 MP: 0/4
   680 | D:1      | XOM: god gift: 51 gold pieces
   927 | D:1      | Reached XP level 5. HP: 36/38 MP: 5/5
  1279 | D:2      | Noticed a shapeshifter
  1279 | D:2      | a goblin changed into a shapeshifter
  1279 | D:2      | XOM: polymorph goblin -> shapeshifter
  1281 | D:2      | Noticed a fire crab
  1281 | D:2      | a shapeshifter changed into a fire crab
  1460 | D:2      | Noticed a wyvern
  1488 | D:3      | XOM: god gift: smoky brown potion {god gift}
  1638 | D:3      | Found a glowing golden altar of the Shining One.
  1639 | D:3      | Found a runed translucent door.
  1639 | D:3      | Noticed an angel
  1676 | D:3      | XOM: harmless Ice miscast
  1754 | D:3      | XOM: potion effect (invisibility)
  1781 | D:3      | XOM: potion effect (curing)
  1965 | D:3      | XOM: give mutation
  1965 | D:3      | Gained mutation: Scrolls take you a little longer to read.
                  | [Xom's mischief]
  2029 | D:3      | Found a faded altar of an unknown god.
  2032 | D:3      | Noticed Terence
  2045 | D:3      | Killed Terence
  2045 | D:3      | Reached skill level 5 in Fighting
  2045 | D:3      | Reached XP level 6. HP: 38/45 MP: 6/6
  2159 | D:3      | XOM: give mutations
  2159 | D:3      | Gained mutation: Your flesh is heat resistant. (rF+) [Xom's
                  | grace]
  2159 | D:3      | Gained mutation: You are robust. (+10% HP) [Xom's grace]
  2320 | D:3      | XOM: god gift: wand of polymorph (12)
  2486 | D:4      | XOM: mild Necr miscast
  2951 | D:4      | Reached skill level 5 in Dodging
  3288 | D:4      | XOM: cloud trail
  3442 | D:4      | XOM: silly message
  3976 | D:5      | Entered Level 5 of the Dungeon
  4106 | D:5      | Reached XP level 7. HP: 32/55 MP: 7/7
  4173 | D:5      | Found Assu's Weapon Boutique.
  4197 | D:5      | Reached skill level 6 in Fighting
  4225 | D:6      | XOM: scenery: 1 doors open
  4226 | D:6      | XOM: 2-stop teleportation journey
  4305 | D:5      | XOM: harmless Hex miscast
  4556 | D:5      | Found a blossoming altar of Fedhas.
  4649 | D:5      | XOM: harmless Ice miscast
  4671 | D:5      | XOM: smoke on damage
  4818 | D:5      | XOM: harmless Necr miscast
  5016 | D:5      | Reached XP level 8. HP: 62/62 MP: 8/8
  5238 | D:5      | Reached skill level 7 in Fighting
  5623 | D:5      | Noticed an oklob plant
  5778 | D:6      | Noticed Edmund
  6004 | D:5      | XOM: potion effect (might)
  6012 | D:5      | Killed Edmund
  6107 | D:6      | XOM: harmless Conj miscast
  6175 | D:6      | XOM: give mutations
  6175 | D:6      | Gained mutation: You are partially covered in slimy green
                  | scales. (AC +2) [Xom's grace]
  6175 | D:6      | Gained mutation: One of your tentacles bears a spike.
                  | [Xom's grace]
  6175 | D:6      | Gained mutation: You are mostly covered in slimy green
                  | scales. (AC +3) [Xom's grace]
  6261 | D:6      | XOM: fog
  6345 | D:6      | Reached skill level 8 in Fighting
  6533 | D:6      | XOM: scenery: 1 doors close
  6602 | D:6      | XOM: scenery: create altars
  6757 | D:6      | XOM: scenery: create altars
  6838 | D:6      | XOM: god gift: 3 atropa-tipped darts
  6977 | D:6      | XOM: give mutations
  6977 | D:6      | Gained mutation: You are partially covered in yellow
                  | scales. (AC +2) [Xom's grace]
  6977 | D:6      | Gained mutation: You are somewhat resistant to further
                  | mutation. [Xom's grace]
  6977 | D:6      | Gained mutation: You expend magic power (3 MP) to
                  | strengthen your wands. [Xom's grace]
  6978 | D:6      | XOM: give mutations
  6978 | D:6      | Gained mutation: Your system is resistant to poisons.
                  | (rPois) [Xom's grace]
  6978 | D:6      | Gained mutation: You can translocate small distances at
                  | will. [Xom's grace]
  6978 | D:6      | Gained mutation: Your spells are a little harder to cast,
                  | but a little more powerful. [Xom's grace]
  6978 | D:6      | Gained mutation: One of your tentacles bears a nasty spike.
                  | [Xom's grace]
  7304 | D:7      | Noticed a purple ugly thing
  7306 | D:7      | XOM: divine lightning
  7311 | D:7      | XOM: smoke on damage
  7314 | D:7      | Killed a purple ugly thing
  7314 | D:7      | Reached XP level 9. HP: 39/71 MP: 0/10
  7356 | D:7      | XOM: divination: magic mapping
  7517 | D:7      | XOM: enchant monster (good)
  7576 | D:7      | Found a staircase to the Ecumenical Temple.
  7959 | D:7      | Got a bloodstained whip
  7981 | D:7      | Found a runed translucent door.
  7982 | D:7      | Noticed Crazy Yiuf
  7992 | D:7      | Killed Crazy Yiuf
  8110 | D:7      | XOM: cleaving
  8175 | D:7      | XOM: scenery: create altars
  8345 | D:7      | Learned a level 1 spell: Confusing Touch
  8446 | D:8      | XOM: give mutations
  8446 | D:8      | Gained mutation: You are agile. (Dex +2) [Xom's grace]
  8446 | D:8      | Gained mutation: You are very agile. (Dex +4) [Xom's grace]
  8503 | D:8      | XOM: noise
  8504 | D:8      | Reached skill level 1 in Hexes
  8513 | D:8      | Noticed Gastronok
  8573 | D:8      | XOM: medium Ice miscast
  8638 | D:8      | XOM: harmless Tmut miscast
  8640 | D:8      | XOM: polymorph orc wizard -> killer bee
  8642 | D:8      | Reached skill level 1 in Spellcasting
  8876 | D:8      | XOM: confuse monster(s)
  9006 | D:8      | XOM: scenery: create altars
  9017 | D:8      | Reached XP level 10. HP: 30/78 MP: 13/13
  9406 | D:8      | XOM: 1-stop teleportation journey
  9556 | D:8      | Reached skill level 5 in Evocations
  9998 | D:8      | XOM: cast spell 'Summon Small Mammal'
 10001 | D:8      | XOM: cleaving
 10002 | D:8      | XOM: smoke on damage
 10460 | D:8      | XOM: give mutation
 10460 | D:8      | Gained mutation: You passively map a small area around you.
                  | [Xom's grace]
 10598 | D:8      | XOM: god gift: wand of iceblast (7)
 10628 | D:8      | Noticed Joseph
 10634 | D:8      | Killed Joseph
 10781 | D:9      | Found a staircase to the Orcish Mines.
 10784 | D:9      | Noticed Psyche
 10794 | D:8      | XOM: scenery: 1 doors close
 10798 | D:8      | Reached skill level 10 in Dodging
 10810 | D:8      | Killed Psyche
 11044 | D:8      | XOM: mild Tloc miscast
 11084 | D:8      | XOM: enchant monster (good)
 11112 | D:8      | XOM: confuse monster(s)
 11209 | D:8      | XOM: scenery: create altars
 11274 | D:9      | Noticed a two-headed ogre
 11282 | D:10     | Entered Level 10 of the Dungeon
 11458 | D:10     | XOM: cloud trail
 11730 | D:10     | XOM: fog
 11731 | D:10     | XOM: summons 10 friendly demons
 11737 | D:10     | XOM: summons 1 hostile shadow creature
 12066 | D:10     | XOM: 2-stop teleportation journey
 12187 | D:10     | XOM: god gift: hand crossbow {god gift}
 12573 | D:10     | Noticed Fannar
 12706 | D:10     | Reached skill level 9 in Fighting
 12762 | D:10     | XOM: god gift: scroll of enchant weapon
 12862 | D:10     | XOM: harmless Erth miscast
 12934 | D:10     | XOM: harmless Air miscast
 13036 | D:10     | Noticed a two-headed ogre
 13045 | D:10     | XOM: butterfly on damage
 13047 | D:10     | Killed a two-headed ogre
 13047 | D:10     | Reached skill level 10 in Fighting
 13047 | D:10     | Reached XP level 11. HP: 45/88 MP: 15/15
 13172 | D:10     | XOM: mild Necr miscast
 13195 | D:10     | XOM: mild Tloc miscast
 13749 | D:10     | XOM: enchant monster (good)
 13755 | D:10     | Killed Fannar
 13785 | D:10     | XOM: give mutations
 13785 | D:10     | Gained mutation: One of your tentacles bears a large
                  | vicious spike. [Xom's grace]
 13785 | D:10     | Gained mutation: You possess an exceptional clarity of
                  | mind. [Xom's grace]
 13939 | D:10     | Learned a level 4 spell: Summon Ice Beast
 13943 | D:9      | XOM: mild Tloc miscast
 13954 | D:10     | XOM: enchant monster (bad)
 13959 | D:10     | XOM: confuse monster(s)
 14093 | D:10     | XOM: mild Conj miscast
 14317 | D:9      | XOM: noise
 14343 | D:9      | Reached skill level 1 in Summonings
 14881 | D:9      | Reached skill level 1 in Ice Magic
 14903 | D:9      | Found a staircase to the Lair.
 14911 | D:9      | XOM: 1-stop teleportation journey
 14934 | D:9      | Noticed a two-headed ogre
 14937 | D:9      | XOM: medium Conj miscast
 15144 | D:8      | XOM: god gift: dark potion {god gift}
 15195 | D:8      | Killed a two-headed ogre
 15497 | D:8      | XOM: scenery: create altars
 15520 | D:8      | XOM: summons friendly ufetubus
 15530 | D:8      | XOM: divine lightning
 15714 | D:9      | Killed a two-headed ogre
 15752 | D:9      | Reached skill level 11 in Fighting
 15972 | D:9      | Noticed Erica
 15994 | D:9      | XOM: potion effect (might)
 15997 | D:9      | Killed Erica
 16043 | D:9      | XOM: potion effect (heal wounds)
 16073 | D:9      | XOM: mild Chrm miscast
 16139 | D:9      | XOM: harmless Conj miscast
 16143 | D:9      | XOM: 2-stop teleportation journey
 16149 | D:9      | XOM: harmless Erth miscast
 16260 | D:9      | XOM: summons 5 hostile demons
 16454 | D:9      | XOM: god gift: potion of brilliance
 16658 | D:10     | Learned a level 5 spell: Summon Forest
 16665 | D:11     | Found Hoicui's Armour Emporium.
 16674 | D:11     | Bought a +2 hat for 224 gold pieces
 16674 | D:11     | Bought a +0 shield of protection for 161 gold pieces
 17019 | D:11     | XOM: god gift: 28 stones
 17341 | D:11     | XOM: mild Air miscast
 17371 | D:11     | XOM: divination: detect items
 17382 | D:11     | Noticed Nergalle
 17433 | D:11     | XOM: enchant monster (good)
 17477 | D:11     | Killed Nergalle
 17477 | D:11     | Reached skill level 1 in Shields
 17477 | D:11     | Reached skill level 1 in Translocations
 17477 | D:11     | Reached XP level 12. HP: 96/99 MP: 12/19
 17647 | D:11     | XOM: harmless Summ miscast
 17689 | D:12     | XOM: cast spell 'Summon Mana Viper'
 17717 | D:12     | XOM: cleaving
 17727 | D:12     | XOM: cleaving
 17729 | D:12     | XOM: fake destruction
 17730 | D:12     | XOM: polymorph unseen horror -> floating eye
 17738 | D:12     | Paralysed by a floating eye for 2 turns
 17753 | D:12     | Reached skill level 5 in Spellcasting
 17983 | D:12     | XOM: give mutation
 17983 | D:12     | Lost mutation: You are somewhat resistant to further
                  | mutation. [Xom's mischief]
 18091 | D:12     | XOM: confuse monster(s)
 18119 | D:12     | Noticed a two-headed ogre
 18128 | D:12     | Identified the cursed +0 whip of Yjinlear {drain, MR+
                  | Str+4} (You found it on level 7 of the Dungeon)
 18141 | D:12     | Killed a two-headed ogre
 18141 | D:12     | Reached skill level 1 in Long Blades
 18141 | D:12     | Reached skill level 5 in Summonings
 18193 | D:12     | XOM: give mutations
 18193 | D:12     | Lost mutation: Scrolls take you a little longer to read.
                  | [Xom's mischief]
 18193 | D:12     | Lost mutation: One of your tentacles bears a large vicious
                  | spike. [Xom's mischief]
 18193 | D:12     | Lost mutation: Your system is resistant to poisons. (rPois)
                  | [Xom's mischief]
 18193 | D:12     | Lost mutation: You are very agile. (Dex +4) [Xom's
                  | mischief]
 18214 | D:12     | XOM: scenery: create altars
 18243 | D:12     | XOM: cloud trail
 18312 | D:12     | XOM: enchant monster (bad)
 18314 | D:12     | XOM: confuse monster(s)
 18510 | D:12     | XOM is BORED!
 18510 | D:12     | XOM: noise
 19041 | D:12     | XOM: silly message
 19094 | D:12     | XOM: harmless Tloc miscast
 19193 | D:12     | Noticed Kirke
 19217 | D:12     | Killed Kirke
 19280 | D:12     | XOM: medium Ice miscast
 19280 | D:12     | XOM: smoke on damage
 19809 | D:3      | Learned a level 2 spell: Passwall
 19979 | Lair:1   | Entered Level 1 of the Lair of Beasts
 20002 | Lair:1   | Got a translucent great sword
 20008 | Lair:1   | Identified the +1 great sword "Ollejiol" {protect, rElec
                  | rC+ SInv} (You found it on level 1 of the Lair of Beasts)
 20099 | Lair:1   | XOM: mild Air miscast
 20276 | Lair:1   | XOM: 2-stop teleportation journey
 20361 | Lair:1   | XOM: mild Hex miscast
 20420 | Lair:1   | XOM: god gift: quarterstaff {god gift}
 20736 | Lair:1   | XOM: give mutations
 20736 | Lair:1   | Lost mutation: You possess an exceptional clarity of mind.
                  | [Xom's mischief]
 20736 | Lair:1   | Lost mutation: Your spells are a little harder to cast, but
                  | a little more powerful. [Xom's mischief]
 20736 | Lair:1   | Lost mutation: You expend magic power (3 MP) to strengthen
                  | your wands. [Xom's mischief]
 20736 | Lair:1   | Lost mutation: One of your tentacles bears a nasty spike.
                  | [Xom's mischief]
 21237 | Lair:2   | XOM: 1-stop teleportation journey
 21494 | Lair:2   | Reached skill level 5 in Long Blades
 21595 | Lair:2   | XOM: give mutation
 21595 | Lair:2   | Gained mutation: You are dopey. (Int -2) [Xom's mischief]
 21760 | Lair:2   | XOM: harmless Tmut miscast
 21799 | Lair:2   | Found a runed translucent gate.
 21799 | Lair:2   | Found a runed translucent gate.
 21800 | Lair:2   | Found a runed translucent gate.
 21801 | Lair:2   | Noticed Flugkiller's ghost (journeyman OpVM)
 21802 | Lair:2   | Noticed Zeeb's ghost (journeyman DECj)
 21802 | Lair:2   | Noticed Uruugh's ghost (journeyman TrMo)
 21802 | Lair:2   | Noticed Irchumiyd's ghost (journeyman DEAE)
 21834 | Lair:2   | Reached XP level 13. HP: 47/104 MP: 22/22
 22278 | Lair:2   | XOM: mild Fire miscast
 22423 | Lair:2   | XOM: mild Fire miscast
 22623 | Lair:2   | XOM: cloud trail
 22660 | Lair:2   | XOM: harmless Tloc miscast
 22693 | Lair:3   | XOM: god gift: ration
 22901 | Lair:3   | XOM: confuse monster(s)
 22906 | Lair:3   | XOM: summons 6 friendly demons
 23007 | Lair:3   | XOM: harmless Erth miscast
 23034 | Lair:3   | XOM: 2-stop teleportation journey
 23080 | Lair:3   | XOM: harmless Ice miscast
 23245 | Lair:3   | XOM: harmless Tloc miscast
 23530 | Lair:3   | XOM: god gift: potion of lignification
 23663 | Lair:3   | Found a staircase to the Shoals.
 23680 | Lair:3   | XOM: summons friendly iron imp
 23687 | Lair:3   | XOM: enchant monster (good)
 23741 | Lair:3   | XOM: blink monster(s)
 23889 | Lair:3   | XOM: medium Ice miscast
 23895 | Lair:3   | XOM: stat loss: -1 Dex (15/16)
 23896 | Lair:3   | XOM: polymorph blink frog -> fire bat
 24479 | Lair:4   | XOM: noise
 24480 | Lair:4   | XOM: scenery: create altars
 24500 | Lair:4   | XOM: divination: detect items
 24798 | Lair:4   | XOM: confuse monster(s)
 25040 | Lair:4   | XOM: scenery: create altars
 25158 | Lair:4   | XOM: fog
 25517 | Lair:4   | XOM: summons 3 hostile demons
 25701 | Lair:4   | XOM: god gift: sack of spiders
 25734 | Lair:4   | Noticed a ghost moth
 25734 | Lair:4   | a death yak changed into a ghost moth
 25734 | Lair:4   | XOM: polymorph death yak -> ghost moth
 25743 | Lair:4   | XOM: cast spell 'Monstrous Menagerie'
 25758 | Lair:4   | Killed a ghost moth
 25758 | Lair:4   | Reached skill level 5 in Shields
 25777 | Lair:4   | XOM: stat loss: -1 Int (12/13)
 26126 | Lair:4   | Found a hole to the Spider Nest.
 26160 | Lair:4   | XOM: 5-stop teleportation journey
 26163 | Lair:4   | XOM: give mutations
 26163 | Lair:4   | Gained mutation: Scrolls take you a little longer to read.
                  | [Xom's mischief]
 26163 | Lair:4   | Lost mutation: You are agile. (Dex +2) [Xom's mischief]
 26163 | Lair:4   | Lost mutation: You are robust. (+10% HP) [Xom's mischief]
 26265 | Lair:4   | XOM: medium Tloc miscast
 26383 | Lair:4   | XOM: divination: magic mapping
 26384 | Lair:4   | XOM: snakes to sticks
 26440 | Lair:4   | XOM: scenery: 1 doors close
 26483 | Lair:4   | Noticed a ghost moth
 26483 | Lair:4   | a death yak changed into a ghost moth
 26483 | Lair:4   | XOM: polymorph death yak -> ghost moth
 26491 | Lair:4   | Reached XP level 14. HP: 79/101 MP: 0/25
 26492 | Lair:4   | Killed a ghost moth
 26614 | Lair:4   | XOM: divination: detect creatures
 26698 | Lair:4   | XOM: harmless Tmut miscast
 26811 | Lair:5   | XOM: harmless Ice miscast
 26823 | Lair:5   | XOM: summons 7 hostile demons
 26824 | Lair:5   | XOM: swap monsters
 27035 | Lair:5   | XOM: summons friendly white imp
 27113 | Lair:5   | XOM: scenery: create altars
 27132 | Lair:5   | XOM: give mutations
 27132 | Lair:5   | Gained mutation: Your flesh is cold resistant. (rC+) [Xom's
                  | grace]
 27132 | Lair:5   | Gained mutation: Your natural rate of healing is unusually
                  | fast. [Xom's grace]
 27132 | Lair:5   | Gained mutation: Your muscles are strong. (Str +2) [Xom's
                  | grace]
 27132 | Lair:5   | Gained mutation: You expend magic power (3 MP) to
                  | strengthen your wands. [Xom's grace]
 27325 | Lair:5   | XOM: mild Hex miscast
 27465 | Lair:5   | XOM: 1-stop teleportation journey
 27571 | Lair:5   | Noticed Urug
 27594 | Lair:5   | XOM: summons 3 friendly demons
 27602 | Lair:5   | Killed Urug
 27734 | Lair:5   | Found a runed translucent door.
 27737 | Lair:5   | Found a viscous altar of Jiyva.
 27737 | Lair:5   | Noticed an acid blob
 27738 | Lair:5   | Found a staircase to the Slime Pits.
 27775 | Lair:5   | XOM: mild Chrm miscast
 27792 | Lair:5   | XOM: fake destruction
 27924 | Lair:5   | XOM: confuse monster(s)
 27997 | Lair:5   | XOM: summons 10 friendly demons
 28005 | Lair:5   | XOM: scenery: create altars
 28303 | Lair:5   | Reached skill level 10 in Long Blades
 28347 | Lair:5   | XOM: blink monster(s)
 28350 | Lair:5   | XOM: destruction
 28353 | Lair:5   | XOM: harmless Ice miscast
 28397 | Lair:5   | XOM: divination: magic mapping
 28666 | Lair:6   | Entered Level 6 of the Lair of Beasts
 28708 | Lair:6   | XOM: swap monsters
 28923 | Lair:6   | XOM: confuse monster(s)
 28929 | Lair:6   | XOM: cast spell 'Metabolic Englaciation'
 28943 | Lair:6   | XOM: potion effect (curing)
 29006 | Lair:6   | XOM: divination: detect items
 29121 | Lair:6   | XOM: mild Pois miscast
 29353 | Lair:6   | XOM: confuse monster(s)
 29469 | Lair:6   | XOM: cloud trail
 29557 | Lair:6   | XOM: confuse monster(s)
 29747 | Lair:6   | Reached XP level 15. HP: 90/108 MP: 27/27
 29781 | Lair:6   | XOM: summons 4 friendly demons
 29790 | Lair:6   | Reached skill level 10 in Summonings
 29845 | Lair:6   | XOM: 2-stop teleportation journey
 29926 | Lair:6   | Reached skill level 12 in Fighting
 29938 | Lair:6   | XOM: confuse monster(s)
 29940 | Lair:6   | XOM: torment (32/108 hp)
 30127 | Lair:6   | XOM: 3-stop teleportation journey
 30250 | Lair:6   | Found a runed translucent door.
 30583 | Lair:6   | Found an ornate altar of the Wu Jian Council.
 30734 | Lair:6   | XOM: divination: detect creatures
 30744 | Lair:6   | XOM: harmless Ice miscast
 31009 | Lair:6   | XOM: noise
 31288 | D:8      | Found a shimmering altar of Xom.
 31638 | D:8      | Found a shimmering altar of Xom.
 31640 | D:8      | Found a shimmering altar of Xom.
 31642 | D:8      | Found a shimmering altar of Xom.
 31648 | D:8      | Found a shimmering altar of Xom.
 31650 | D:8      | Found a shimmering altar of Xom.
 31673 | D:8      | Killed Gastronok
 31707 | D:8      | XOM: stat loss: -1 Dex (13/14)
 31719 | D:8      | Found a shimmering altar of Xom.
 31780 | D:8      | XOM: give mutation
 31780 | D:8      | Lost mutation: One of your tentacles bears a spike. [Xom's
                  | mischief]
 32003 | D:8      | XOM: stat loss: -1 Dex (12/14)
 32219 | D:10     | XOM: harmless Conj miscast
 32262 | D:13     | XOM: cast spell 'Cause Fear'
 32374 | D:13     | XOM: confuse monster(s)
 32379 | D:13     | XOM: harmless Hex miscast
 32384 | D:13     | XOM: enchant monster (bad)
 32407 | D:13     | Found a gate to the Vaults.
 32553 | D:13     | XOM: scenery: 3 doors open, 1 doors close
 33272 | D:13     | XOM: harmless Chrm miscast
 33449 | D:13     | Learned a level 3 spell: Mephitic Cloud
 33457 | D:13     | Learned a level 7 spell: Summon Hydra
 33543 | D:14     | XOM: smoke on damage
 33672 | D:14     | XOM: noise
 33673 | D:14     | XOM: swap monsters
 33925 | D:14     | XOM: silly message
 33936 | D:14     | XOM: give mutation
 33936 | D:14     | Lost mutation: You are dopey. (Int -2) [Xom's mischief]
 33996 | D:14     | XOM: harmless Hex miscast
 34069 | D:14     | XOM: noise
 34079 | D:14     | XOM: enchant monster (bad)
 34184 | D:14     | XOM: confusion (+ monsters)
 34322 | D:14     | XOM: scenery: 1 doors close
 34357 | D:14     | XOM: 1-stop teleportation journey
 34480 | D:14     | XOM: cloud trail
 34609 | D:14     | XOM: divination: detect items
 35005 | D:14     | XOM: harmless Chrm miscast
 35130 | D:15     | Entered Level 15 of the Dungeon
 35218 | D:15     | Found a frozen archway.
 35229 | D:15     | XOM: scenery: 1 doors open
 35242 | D:15     | Reached XP level 16. HP: 84/116 MP: 23/28
 35243 | D:15     | XOM: cast spell 'Summon Butterflies'
 35251 | IceCv    | Entered an ice cave
 35337 | IceCv    | Learned a level 2 spell: Blink
 35357 | IceCv    | XOM: destruction
 35583 | IceCv    | XOM: 1-stop teleportation journey
 35646 | IceCv    | XOM: enchant monster (good)
 35653 | IceCv    | XOM: potion effect (haste)
 35655 | IceCv    | XOM: fog
 35881 | IceCv    | XOM: potion effect (agility)
 35885 | IceCv    | XOM: cast spell 'Olgreb's Toxic Radiance'
 36039 | IceCv    | XOM: mild Erth miscast
 36180 | D:15     | XOM: potion effect (invisibility)
 36181 | D:15     | XOM: harmless Hex miscast
 36331 | D:15     | XOM: divination: detect creatures
 36423 | D:15     | Reached skill level 13 in Fighting
 36675 | D:15     | Found a shadowy altar of Dithmenos.
 36694 | D:15     | Found a staircase to the Depths.
 36696 | D:15     | XOM: give mutation
 36696 | D:15     | Gained mutation: You are robust. (+10% HP) [Xom's grace]
 36708 | D:15     | XOM: summons friendly crimson imp
 36717 | D:15     | XOM: harmless Hex miscast
 36947 | D:15     | XOM: noise
 36955 | D:15     | XOM: torment (26/128 hp)
 36980 | D:15     | XOM: polymorph slime creature -> wolf spider
 37207 | D:15     | XOM: 5-stop teleportation journey
 37932 | D:2      | XOM: mild Conj miscast
 38162 | Orc:1    | Entered Level 1 of the Orcish Mines
 38293 | Orc:2    | Entered Level 2 of the Orcish Mines
 38307 | Orc:2    | XOM: polymorph orc warrior -> killer bee
 38369 | Orc:2    | Found a staircase to the Elven Halls.
 38383 | Orc:2    | XOM: polymorph orc warrior -> shapeshifter
 38387 | Orc:2    | XOM: mild Summ miscast
 38469 | Orc:2    | XOM: mild Tloc miscast
 38481 | Orc:2    | XOM: polymorph orc warlord -> fire giant
 38606 | Orc:2    | XOM: confusion
 38609 | Orc:2    | Reached skill level 10 in Shields
 38611 | Orc:2    | XOM: stat loss: -1 Int (15/16)
 38612 | Orc:2    | XOM: chaos cloud
 38637 | Orc:2    | XOM: give mutations
 38637 | Orc:2    | Lost mutation: Your flesh is cold resistant. (rC+) [Xom's
                  | mischief]
 38637 | Orc:2    | Gained mutation: Your mind is acute. (Int +2) [Xom's
                  | mischief]
 38637 | Orc:2    | Gained mutation: Your spells are a little harder to cast,
                  | but a little more powerful. [Xom's mischief]
 38637 | Orc:2    | Lost mutation: Your mind is acute. (Int +2) [Xom's
                  | mischief]
 38642 | Orc:2    | XOM: enchant monster (bad)
 38650 | Orc:1    | XOM: mild Tmut miscast
 38871 | Orc:2    | XOM: harmless Hex miscast
 39029 | Orc:2    | XOM: 1-stop teleportation journey
 39032 | Orc:2    | Found Wugad's Antique Armour Shoppe.
 39045 | Orc:2    | Found Peng's Magic Scroll Shop.
 39056 | Orc:2    | Bought a scroll of identify for 28 gold pieces
 39056 | Orc:2    | Bought a scroll of blinking for 105 gold pieces
 39056 | Orc:2    | Bought a scroll of identify for 28 gold pieces
 39056 | Orc:2    | Bought a scroll of identify for 28 gold pieces
 39056 | Orc:2    | Bought a scroll of identify for 28 gold pieces
 39056 | Orc:2    | Bought a scroll of teleportation for 42 gold pieces
 39056 | Orc:2    | Bought a scroll of teleportation for 42 gold pieces
 39056 | Orc:2    | Bought a scroll of teleportation for 42 gold pieces
 39107 | Orc:2    | Found Qani's Antique Weapon Boutique.
 39186 | Orc:2    | Found Sotojodd's General Store.
 39194 | Orc:2    | Bought a wand of scattershot (4) for 264 gold pieces
 39194 | Orc:2    | Bought a potion of mutation for 88 gold pieces
 39194 | Orc:2    | Bought a scroll of teleportation for 33 gold pieces
 39194 | Orc:2    | Bought a potion of might for 44 gold pieces
 39261 | Orc:2    | Found Umeis's Book Boutique.
 39524 | Orc:2    | XOM: polymorph ogre -> golden eye
 39528 | Orc:2    | XOM: chaos upgrade
 39531 | Orc:2    | XOM: polymorph golden eye -> eye of draining
 40087 | Lair:2   | XOM: stat loss: -1 Str (15/16)
 40099 | Lair:2   | Killed Irchumiyd's ghost
 40109 | Lair:2   | Killed Zeeb's ghost
 40121 | Lair:2   | XOM: blink monster(s)
 40132 | Lair:2   | Killed Uruugh's ghost
 40316 | Lair:2   | Killed Flugkiller's ghost
 40385 | Lair:2   | XOM: give mutations
 40385 | Lair:2   | Lost mutation: You expend magic power (3 MP) to strengthen
                  | your wands. [Xom's mischief]
 40385 | Lair:2   | Lost mutation: You are robust. (+10% HP) [Xom's mischief]
 40385 | Lair:2   | Lost mutation: You can translocate small distances at will.
                  | [Xom's mischief]
 40442 | Lair:2   | Learned a level 1 spell: Animate Skeleton
 40446 | Lair:2   | Learned a level 3 spell: Regeneration
 40542 | Orc:1    | Learned a level 4 spell: Animate Dead
 40547 | Orc:1    | Learned a level 4 spell: Summon Ice Beast
 40562 | Elf:1    | Entered Level 1 of the Elven Halls
 40565 | Elf:1    | XOM: blink monster(s)
 40571 | Elf:1    | XOM: summons friendly crimson imp
 40631 | Elf:1    | Reached skill level 14 in Fighting
 40631 | Elf:1    | Reached skill level 1 in Charms
 40631 | Elf:1    | Reached skill level 1 in Necromancy
 40827 | Elf:1    | Reached XP level 17. HP: 106/125 MP: 29/29
 40895 | Elf:1    | XOM: summons friendly shadow imp
 40955 | Elf:1    | XOM: cast spell 'Statue Form'
 41071 | Elf:1    | XOM: polymorph deep elf mage -> elephant
 41097 | Elf:1    | Noticed an Executioner
 41192 | Elf:1    | XOM: summons 16 friendly demons
 41361 | Elf:1    | Noticed an Executioner
 41462 | Elf:1    | Noticed an Executioner
 41655 | Elf:1    | XOM: give mutations
 41655 | Elf:1    | Gained mutation: You are resistant to hostile enchantments.
                  | (MR+) [Xom's grace]
 41655 | Elf:1    | Gained mutation: You expend magic power (3 MP) to
                  | strengthen your wands. [Xom's grace]
 41655 | Elf:1    | Gained mutation: Your flesh is cold resistant. (rC+) [Xom's
                  | grace]
 41655 | Elf:1    | Gained mutation: Your muscles are very strong. (Str +4)
                  | [Xom's grace]
 41696 | Elf:1    | Identified Buor's Reference Book on Calling
 41825 | Elf:1    | XOM: confuse monster(s)
 42037 | Elf:1    | XOM: 1-stop teleportation journey
 42065 | Elf:1    | XOM: divination: detect creatures
 42069 | Elf:1    | XOM: summons friendly iron imp
 42085 | Elf:1    | XOM: 8-stop teleportation journey
 42114 | Elf:1    | XOM: mild Summ miscast
 42134 | Elf:1    | XOM: summons 6 friendly demons
 42141 | Elf:1    | XOM: destruction
 42162 | Elf:1    | XOM: scenery: create altars
 42174 | Elf:1    | XOM: cleaving
 42303 | Elf:1    | XOM: cloud trail
 42867 | Elf:1    | Learned a level 1 spell: Summon Butterflies
 42871 | Elf:2    | XOM: scenery: create altars
 42883 | Elf:2    | XOM: scenery: create altars
 42883 | Elf:2    | Killed from afar by a deep elf mage

Levels and vault maps discovered:
D:1:      scummos_arrival_star, layout_basic
D:2:      layout_rooms, minmay_box_of_dots
D:3:      layout_loops_ring, first_ration, chequers_ecumenical_altar_simple,
          minmay_liquid_box, chequers_serial_rivers_small_b, lemuel_angel_altar,
          uniq_terence
D:4:      layout_basic
D:5:      layout_loops_cross, tgw_fedhas, gup_sewer_entry_glass, serial_shops,
          nicolae_shop_competitors_out_of_business
D:6:      layout_loops_corners, uniq_edmund
D:7:      layout_basic, minmay_temple_entry_mist, kennysheep_decorative_pillar,
          uniq_crazy_yiuf_cottage
D:8:      minmay_flawed_box, layout_basic, hangedman_pestilent_swarm,
          uniq_gastronok, uniq_joseph
D:9:      layout_cross, due_lair_maze_entry_diamond, zombieorc2_lemuel,
          uniq_psyche, uniq_erica
D:10:     layout_basic, serial_glass, glass_columns_a, glass_columns_c,
          glass_columns_b, glass_columns_a, glass_columns_b, glass_columns_b,
          uniq_fannar
D:11:     layout_cave_pods, serial_shops, shop, nicolae_sextant,
          kennysheep_another_room, uniq_nergalle
D:12:     layout_loops_cross, lemuel_freeze_loot_1, uniq_kirke
D:13:     layout_roguey, ximxim_vaults_locker_room, bh_circular_ruins
D:14:     layout_basic, chequers_decorated_corner,
          hangedman_parallel_progression
D:15:     grunt_enter_depths_snipers, layout_basic,
          nicolae_dithmenos_through_a_glass_darkly, portal_ice_cave_rime,
          corexii_corridor_pit
Lair:1:   layout_chaotic_city
Lair:2:   layout_cave_pods, gammafunk_ghost_cemetery, lemuel_fruit_fields,
          lemuel_fruit_tree
Lair:3:   layout_gridlike, minmay_shoals_entry_beasts
Lair:4:   layout_roguey, spider_nest_entry_a,
          eino_small_chamber_without_monster, st_stairs_9
Lair:5:   layout_cave_pods, slime_altar_2, nicolae_lair_grove_arrangements,
          grunt_forest_stairs_basic, beast_lair_carwin_1, uniq_urug
Lair:6:   wormcave, layout_regular_city, hangedman_lair_caniforms_friends,
          basic_altar, kennysheep_abandoned_house
Orc:1:    layout_caves
Orc:2:    grunt_orc_gardens, layout_diamond_mine, grunt_orc_garden,
          grunt_orc_garden, grunt_orc_garden, grunt_orc_garden, serial_shops,
          shop, minmay_orc_keep
Elf:1:    eino_elf_arrival_the_gate, layout_loops_corners, minmay_elf_demonology
Elf:2:    layout_onion_city

Skill      XL: |  1  2  3  4  5  6  7  8  9 10 11 12 13 14 15 16 17 |
---------------+----------------------------------------------------+-----
Fighting       | 4 5 6 8 10 11 12 14 | 14.5
Dodging        | 3 4 5 6 8 9 11 | 11.4
Polearms       | 3 4 |  4.2
Evocations     | 2 4 6 |  6.2
Hexes          | 2 |  2.2
Spellcasting   | 2 4 6 7 8 |  8.0
Summonings     | 4 7 8 9 11 12 | 12.0
Ice Magic      | 2 |  2.1
Shields        | 1 2 5 7 9 10 | 10.7
Translocations | 1 3 4 |  4.0
Long Blades    | 5 8 11 12 13 | 13.8
Charms         | 1 3 |  3.0
Necromancy     | 1 4 |  4.5
Short Blades   | |  3.0

Action                   |  1- 3 |  4- 6 |  7- 9 | 10-12 | 13-15 | 16-18 || total
-------------------------+-------+-------+-------+-------+-------+-------++-------
Melee: Short sword       |    41 |    17 |       |       |       |       ||    58
       Constrict         |    11 |    43 |    89 |   123 |   182 |   141 ||   589
       Tentacles         |     8 |    59 |   125 |   275 |   372 |   252 ||  1091
       Dagger            |       |   189 |   485 |   702 |       |       ||  1376
       Kick              |       |       |   119 |   419 |   403 |       ||   941
       Scimitar          |       |       |       |   158 |  1402 |   873 ||  2433
       Trident           |       |       |       |     6 |       |       ||     6
       Unarmed           |       |       |       |     1 |       |       ||     1
Throw: Dart              |       |       |     1 |    20 |    12 |       ||    33
 Cast: Summon Forest     |       |       |       |     1 |     1 |     2 ||     4
       Confusing Touch   |       |       |       |     1 |       |       ||     1
       Blink             |       |       |       |       |       |     2 ||     2
Evoke: Wand              |       |       |    17 |    43 |     6 |     9 ||    75
       Lamp of fire      |       |       |       |     1 |     2 |     2 ||     5
  Use: Scroll            |       |     5 |     9 |    12 |    10 |     9 ||    45
       Potion            |       |     2 |     2 |     5 |     4 |     5 ||    18
 Stab: Sleeping          |     2 |    12 |     6 |    16 |    11 |     1 ||    48
       Invisible         |       |     1 |       |       |       |     5 ||     6
       Distracted        |       |       |     1 |     1 |     2 |     2 ||     6
       Betrayed ally     |       |       |     1 |       |       |       ||     1
       Confused          |       |       |       |     4 |     8 |     3 ||    15
       Paralysed         |       |       |       |     4 |       |       ||     4
       Petrified         |       |       |       |     7 |    12 |       ||    19
  Eat: Chunk             |       |     9 |    16 |    27 |    36 |    23 ||   111
       Ration            |       |       |     1 |     7 |     2 |     1 ||    11
Armor: Skin              |     1 |     2 |    38 |   140 |   196 |   132 ||   509
Dodge: Dodged            |    21 |   149 |   342 |   817 |   674 |   441 ||  2444
Block: Other             |       |       |       |    12 |       |       ||    12
       Shield            |       |       |       |    59 |  1133 |   813 ||  2005
       Reflection        |       |       |       |       |    23 |    47 ||    70
       Rpst.: Scimitar   |       |       |       |    38 |   148 |    92 ||   278

Table legend:
 A = Non-vault XP
 B = Vault XP
 C = Vault XP percentage of total XP
 D = Non-vault monster count
 E = Vault monster count
 F = Vault count percentage of total count
                 A         B        C        D         E       F
            +---------+---------+-------+---------+---------+-------
      Total |  129313 |   77667 |  37.5 |     694 |     342 |  33.0
            +---------+---------+-------+---------+---------+-------
        D:1 |     166 |       0 |   0.0 |      28 |       0 |   0.0
        D:2 |     289 |       6 |   2.0 |      19 |       2 |   9.5
        D:3 |     132 |      38 |  22.4 |      14 |       1 |   6.7
        D:4 |     200 |       0 |   0.0 |      21 |       0 |   0.0
        D:5 |     950 |     206 |  17.8 |      30 |       7 |  18.9
        D:6 |     504 |       0 |   0.0 |      23 |       0 |   0.0
        D:7 |    1564 |      40 |   2.5 |      20 |       1 |   4.8
        D:8 |    2639 |    3857 |  59.4 |      35 |      18 |  34.0
        D:9 |    1490 |    2369 |  61.4 |      10 |      43 |  81.1
       D:10 |    4115 |    1172 |  22.2 |      48 |       3 |   5.9
       D:11 |     504 |     620 |  55.2 |      14 |       1 |   6.7
       D:12 |    4048 |    2557 |  38.7 |      19 |       3 |  13.6
       D:13 |   10627 |    2702 |  20.3 |      49 |      14 |  22.2
       D:14 |    6541 |    7070 |  51.9 |      30 |      49 |  62.0
       D:15 |   19347 |    1984 |   9.3 |      56 |       4 |   6.7
     Lair:1 |    3110 |       0 |   0.0 |      16 |       0 |   0.0
     Lair:2 |    4802 |    3841 |  44.4 |      18 |       4 |  18.2
     Lair:3 |    7591 |     791 |   9.4 |      26 |       2 |   7.1
     Lair:4 |   13992 |    2235 |  13.8 |      44 |       8 |  15.4
     Lair:5 |   11443 |    3088 |  21.3 |      34 |       8 |  19.0
     Lair:6 |    8293 |   17060 |  67.3 |      33 |      88 |  72.7
      Orc:1 |    1777 |    2724 |  60.5 |      29 |      11 |  27.5
      Orc:2 |    5837 |    9457 |  61.8 |      39 |      28 |  41.8
      Elf:1 |   18835 |    6643 |  26.1 |      38 |      12 |  24.0
      Elf:2 |     517 |       0 |   0.0 |       1 |       0 |   0.0
      IceCv |       0 |    9207 | 100.0 |       0 |      35 | 100.0
            +---------+---------+-------+---------+---------+-------
